AoeStats
← NWII_WAR_OmniManco

Fortress

510240868Analyzed
2v2 RM · 1d ago on Sep 30, 2026· 23m 5s· 4 players
Game mode
Random Map
Map size
Normal (6 player)
Population
200
Speed
Normal
Resources
Standard
Victory
Conquest
Starting age
Dark Age
Ending age
Imperial Age
RankedLock teamsTeams togetherTeam positionsShared explorationLock speedFull tech treeHidden civsTurbo modeCheats
Victory
Defeat
🇺🇸 Slavs · United States
1259
+15
🇵🇪 Poles · Peru
1202
+18
🇨🇴 Italians · Colombia
1253
-17
🇲🇽 Slavs · Mexico
1226
-16
youtube.com/@Radio_Latex
7:57 Feudal Age
9:09 Horse Collar
11:51 Castle Age
11:12 Scale Barding Armor
11:23 Bloodlines
11:40 Double-Bit Axe
13:00 Husbandry
13:16 Heavy Plow
14:55 Bow Saw
18:08 Wheelbarrow
19:46 Gold Mining
21:02 Hand Cart
20:39 Stone Mining
21:13 Loom
NWII_WAR_OmniManco
6:38 Feudal Age
7:10 Feudal Age
8:28 Double-Bit Axe
11:08 Castle Age
9:32 Horse Collar
11:06 Wheelbarrow
12:08 Bow Saw
19:32 Hand Cart
19:07 Town Watch
20:45 Gold Mining
20:46 Stone Mining
21:00 Heavy Plow
21:49 Town Patrol
25:10 Imperial Age
22:39 Fletching
23:29 Stone Shaft Mining
Dancing Doggo
7:38 Feudal Age
9:15 Double-Bit Axe
11:38 Castle Age
9:41 Horse Collar
11:31 Gold Mining
12:55 Bloodlines
12:46 Husbandry
14:22 Light Cavalry
15:51 Bow Saw
18:07 Loom
22:19 Scale Barding Armor
22:25 Forging
23:00 Detinets
RaskWarrioR
8:29 Feudal Age
12:42 Castle Age
11:02 Double-Bit Axe
10:59 Horse Collar
11:28 Gold Mining
15:17 Forging
17:51 Bow Saw
18:37 Heavy Plow
18:29 Loom
20:11 Wheelbarrow
Connection lost

Rejoining the realm…

Still unreachable

The connection could not be restored.

Session expired

The server has moved on; the page needs a fresh start.